 Dungeon Crawl Stone Soup version 0.28-a0-612-gcfc00ec14d (webtiles) character file.

Game seed: 6591008569971544068

219 spiderkeys the Magician (level 5, -8/32 HPs)
             Began as a Deep Elf Abyssal Knight on Oct 5, 2021.
             Was a Believer of Lugonu.
             Mangled by a mummy (13 damage)
             ... on level 4 of the Dungeon on Oct 6, 2021.
             The game lasted 00:11:57 (5906 turns).

spiderkeys the Magician (Deep Elf Abyssal Knight)   Turns: 5906, Time: 00:11:57

Health: -8/32      AC: 10    Str: 10    XL:     5   Next: 63%
Magic:  12/12      EV: 12    Int: 16    God:    Lugonu [**....]
Gold:   116        SH:  0    Dex: 15    Spells: 9/11 levels left

rFire   . . .      SeeInvis .   l - +2 dagger (protect)
rCold   . . .      Faith    .   (no shield)
rNeg    . . .      Spirit   .   b - +0 leather armour
rPois   .          Reflect  .   (no helmet)
rElec   .          Harm     .   (no cloak)
rCorr   .          Rampage  .   (no gloves)
Will    .....                   (no boots)
Stlth   +.........              (no amulet)
HPRegen 0.10/turn               (no ring)
MPRegen 0.13/turn               (no ring)

@: under a protective aura
A: no striking features
a: Renounce Religion, Depart the Abyss, Bend Space


You were on level 4 of the Dungeon.
You worshipped Lugonu.
Lugonu was pleased with you.
You visited 1 branch of the dungeon, and saw 4 of its levels.
You visited the Abyss 1 time.

You collected 116 gold pieces.


   Skills:
 + Level 3.1 Fighting
 - Level 2.7 Short Blades
 - Level 0.7 Armour
 + Level 3.6 Dodging
 + Level 3.7 Spellcasting
 + Level 1.6 Hexes
 + Level 3.1 Invocations


You had 9 spell levels left.
You knew the following spells:

 Your Spells              Type           Power      Damage    Failure   Level
e - Ensorcelled Hibernat  Hex/Ice        10%        N/A       26%         2

Your spell library contained the following spells:

 Spells                   Type           Power      Damage    Failure   Level
 Tukima's Dance           Hex            8%         N/A       36%         3
 Stone Arrow              Conj/Erth      6%         3d7       56%         3
 Animate Armour           Summ/Erth      6%         N/A       93%         4
 Lehudib's Crystal Spear  Conj/Erth      1%         10d2      100%        8

Inventory:

Hand Weapons
 a - a +2 short sword
 l - a +2 dagger of protection (weapon)
   (You took it off a kobold on level 2 of the Dungeon)
Missiles
 d - 44 stones (quivered)
 e - 60 arrows
 h - 35 bolts
 i - 30 sling bullets
 j - 65 poisoned darts
Armour
 b - a +0 leather armour (worn)
Scrolls
 f - 2 scrolls of fear
 g - 2 scrolls of identify {@r1}
 k - a scroll of blinking {!r}
 m - a scroll of teleportation {@r4}

Dungeon Overview and Level Annotations

Branches:
Dungeon (4/15)
 Temple: D:4-7

Altars:

Shops:
D:2 =

Portals:
Ossuary: D:4

Annotations:
D:4 Eustachio

,*,,,,,,,,+,..,#.,,,,,*,,,,,,,,,,
,*,,,,,>,,*,...#..,,,,*,,,..,,,,,
,+,,,,,,,,*,,..#..,,,,*,,...,,,,,
,**,,,...,,,,,....,,,,,,....,,,,,
***,,,...#**+*##.##*+**#....,,,,,
*,,,,....#*,##...##,*#...#*,,,,,
*,,,,.....###...l.###....##,,,,,
*,,,,(.....#....5.W#.......,,,,,
*,,,,.......###@###ยง.......,,,,,
*,,,,W..W.l..##M##.........,,,,,
**,,,,,,,*#...###@.........,,,,,
*,,,,,,,,*#.<..#...##......,,,,,
*,,,,,,,,,#...5..###*......,,,,,
**,,,,,,,,#................,,,,,
*,,,,,,,,,#...#............,,,,,
*,,,,,,,,,#...#............,,,,,
**,,,,,,,*#...###+###..,,,,,,,,,


You could see a phantom, a mummy, an iguana and an iron imp (summoned).


Message History

The ball python constricts you.
You hit the iguana.
The iguana looks more healthy.
The iguana bites you but does no damage.
The ball python bites you but does no damage.
The ball python constricts you.
You hit the iguana. The ball python completely misses you.
The ball python constricts you.
* * * LOW HITPOINT WARNING * * *
The iguana bites you but does no damage. ๐Ÿ˜ฑ HP[-1]
You take 1 damage, and now have 7/32 hp.
You hit the iguana.
You kill the iguana!
Lugonu accepts your kill.
The ball python bites you but does no damage.
The ball python constricts you. ๐Ÿ˜ฑ HP[+1]
You hit the ball python but do no damage.
The ball python closely misses you. The ball python constricts you.
You hit the ball python.
You kill the ball python!
Lugonu accepts your kill.
There is a stone staircase leading down here.
You start resting. ๐Ÿ˜Ž HP[+24]
Your hp is fully restored (32).
You climb downwards.
You hear the hiss of flowing sand.
There is an entrance to an ossuary on this level.
Hurry and find it before the portal is buried!
You hear the hiss of a distant avalanche of sand.
The kobold closely misses you.
There is a stone staircase leading up, spattered with blood here.
You hit the kobold but do no damage.
Your weapon exudes an aura of protection.
The kobold hits you but does no damage.
You hit the kobold but do no damage. The kobold barely misses you.
You hit the kobold but do no damage. The kobold hits you but does no damage.
You hit the kobold. The kobold closely misses you.
You closely miss the kobold.
A hobgoblin comes into view.
The kobold closely misses you.
You closely miss the kobold.
The hobgoblin shouts!
The kobold barely misses you.
You closely miss the kobold. The kobold closely misses you.
You hit the kobold.
You kill the kobold!
Lugonu accepts your kill.
You climb upwards.
There is a stone staircase leading down here.
You see here a +0 kite shield.
There is a stone staircase leading down here.
You climb downwards.
You hear the hiss of flowing sand.
There is an entrance to an ossuary on this level.
Hurry and find it before the portal is buried!
There is a stone staircase leading up here.
Eustachio the Magnificent comes into view.
He is wielding a +2 rapier of draining.
Eustachio shouts!
Throw: 67 darts (poison)
Press: ? - help, Shift-Dir - straight line, f - Eustachio
Aim: Eustachio, wielding a +2 rapier of draining and wearing a +0 leather armour (48% to hit)
You throw a poisoned dart.
The poisoned dart barely misses Eustachio.
Throw: 66 darts (poison)
Press: ? - help, Shift-Dir - straight line, f/p - Eustachio
Aim: Eustachio, wielding a +2 rapier of draining and wearing a +0 leather armour (48% to hit)
You throw a poisoned dart.
The poisoned dart barely misses Eustachio.
A phantom comes into view.
An iguana comes into view.
The iguana hisses angrily.
You hear the brisk hiss of an avalanche of sand.
Eustachio gestures wildly while chanting.
You open the door.
A mummy comes into view.
Eustachio mumbles some strange words.
Eustachio blinks!
Found a sand-covered staircase.
There is an open door here.
The helpless mummy fails to defend itself.
You puncture the mummy!
Your weapon exudes an aura of protection.
The mummy hits you! ๐Ÿ˜ฎ HP[-12]
You take 12 damage, and now have 20/32 hp.
MASSIVE DAMAGE!! (PAUSE)
You hit the mummy. You hit the mummy but do no damage. The mummy hits you!
* * * LOW HITPOINT WARNING * * *
๐Ÿ˜ฑ HP[-13]
You take 13 damage, and now have 7/32 hp.
MASSIVE DAMAGE!! (PAUSE)
You aren't carrying any potions.
You hit the mummy. The mummy hits you.
* * * LOW HITPOINT WARNING * * *
๐Ÿ˜ฑ HP[-2]
You take 2 damage, and now have 5/32 hp.
You hit the mummy but do no damage. You hit the mummy. The mummy hits you!
You die...

Skill      XL: |  1  2  3  4  5 |
---------------+----------------+-----
Spellcasting   | 1 2 3 |  3.7
Dodging        | 3 |  3.6
Hexes          | 1 |  1.6
Invocations    | 3 |  3.1
Fighting       | 3 |  3.1
Short Blades   | |  2.7
Armour         | |  0.7

Action                   |  1- 3 |  4- 6 || total
-------------------------+-------+-------++-------
Melee: Short sword       |   100 |    21 ||   121
       Dagger            |       |   147 ||   147
Throw: Stone             |    23 |     1 ||    24
       Dart              |     8 |    35 ||    43
Invok: Depart the Abyss  |     1 |       ||     1
  Use: Scroll            |     2 |     5 ||     7
       Potion            |     1 |     1 ||     2
 Stab: Sleeping          |       |     2 ||     2
Armor: Leather armour    |    21 |    47 ||    68
       Skin              |     4 |       ||     4
Dodge: Dodged            |    58 |   111 ||   169

Levels and vault maps discovered:
D:1:      lemuel_arrival_hallway, layout_loops_ring, kennysheep_doodads,
          chequers_serial_rivers_micro_e, minmay_tall_x
D:2:      layout_rooms, hellmonk_ecumenical_altar_pennies_from_heaven,
          serial_shops, shop_statue, kennysheep_potato
D:3:      layout_loops_cross, minmay_misc_feat_plants,
          chequers_decorated_corner, minmay_box_of_dots
D:4:      layout_gridville, nicolae_ossuary_entry_giza, uniq_eustachio

Notes
Turn   | Place    | Note
-------+----------+-------------------------------------------
     0 | Abyss:1  | spiderkeys the Deep Elf Abyssal Knight began the quest for
                  | the Orb.
     0 | Abyss:1  | Reached XP level 1. HP: 13/13 MP: 4/4
     0 | Abyss:1  | magus.rc [v1.9.10]
     1 | Abyss:1  | Found a corrupted altar of Lugonu.
    50 | Abyss:1  | Found a corrupted altar of Lugonu.
    70 | Abyss:1  | Found a corrupted altar of Lugonu.
   135 | Abyss:1  | Noticed a small abomination
   141 | Abyss:1  | You pick up a book of Armaments and begin reading...
   141 | Abyss:1  | You add the spells Stone Arrow, Animate Armour and
                  | Lehudib's Crystal Spear to your library.
   142 | D:1      | You pass through the gate.
   142 | D:1      | Escaped the Abyss
   356 | D:1      | Reached skill level 1 in Spellcasting
   411 | D:1      | Reached XP level 2. HP: 17/18 MP: 5/5
   696 | D:1      | Reached * piety under Lugonu
  1481 | D:1      | magus.rc [v1.9.10]
  1545 | D:2      | HP: 6/27 [poisoned by an adder]
  1547 | D:2      | Reached skill level 2 in Spellcasting
  1547 | D:2      | Reached XP level 3. HP: 6/22 MP: 6/8
  2294 | D:2      | Found a faded altar of an unknown god.
  2431 | D:2      | Found Cetanof's Jewellery Boutique.
  2655 | D:2      | Reached skill level 3 in Dodging
  2655 | D:2      | Reached XP level 4. HP: 13/27 MP: 8/10
  2662 | D:1      | HP: 5/27 [gnoll (6)]
  3059 | D:2      | Reached skill level 3 in Spellcasting
  3716 | D:3      | You pick up a book of Maledictions and begin reading...
  3716 | D:3      | You add the spells Ensorcelled Hibernation and Tukima's
                  | Dance to your library.
  3720 | D:3      | Learned a level 2 spell: Ensorcelled Hibernation
  4085 | D:3      | HP: 6/27 [gnoll (3)]
  4890 | D:3      | Reached ** piety under Lugonu
  5064 | D:3      | Reached XP level 5. HP: 31/32 MP: 12/12
  5216 | D:3      | Reached skill level 1 in Hexes
  5216 | D:3      | Reached skill level 3 in Invocations
  5239 | D:3      | Reached skill level 3 in Fighting
  5597 | D:3      | HP: 8/32 [iguana (10)]
  5886 | D:4      | Noticed Eustachio
  5888 | D:4      | Noticed a phantom
  5899 | D:4      | Found a sand-covered staircase.
  5903 | D:4      | HP: 7/32 [mummy (13)]
  5906 | D:4      | Mangled by a mummy

Vanquished Creatures
  An iguana (D:3)
  8 gnolls
  4 adders
  A worm (D:3)
  2 dart slugs (D:2)
  4 bats
  8 endoplasms
  4 giant cockroaches
  4 hobgoblins
  4 quokkas
  8 ball pythons
  5 frilled lizards
  4 goblins
  8 kobolds
  7 rats
72 creatures vanquished.

Table legend:
 A = Non-vault XP
 B = Vault XP
 C = Vault XP percentage of total XP
 D = Non-vault monster count
 E = Vault monster count
 F = Vault count percentage of total count
                 A         B        C        D         E       F
            +---------+---------+-------+---------+---------+-------
      Total |     288 |      25 |   8.0 |      63 |       9 |  12.5
            +---------+---------+-------+---------+---------+-------
        D:1 |      43 |       6 |  12.2 |      18 |       4 |  18.2
        D:2 |     101 |      15 |  12.9 |      20 |       3 |  13.0
        D:3 |     143 |       4 |   2.7 |      24 |       2 |   7.7
        D:4 |       1 |       0 |   0.0 |       1 |       0 |   0.0
            +---------+---------+-------+---------+---------+-------

Illustrated notes

Table legend:
 A = Kills in this place as a percentage of kills in entire the game.
 B = Kills by you in this place as a percentage of kills by you in the entire game.
 C = Kills by friends in this place as a percentage of kills by friends in the entire game.
 D = Other kills in this place as a percentage of other kills in the entire game.
 E = Experience gained in this place as a percentage of experience gained in the entire game.
 F = Experience gained in this place divided by the number of levels of this place that you have seen.
                   A       B       C       D       E      F
               +-------+-------+-------+-------+-------+----------------------
         Total | 100.0 | 100.0 |   N/A |   N/A | 100.0 |  62.6
       Dungeon | 100.0 | 100.0 |   N/A |   N/A | 100.0 |  78.2
               +-------+-------+-------+-------+-------+----------------------

Table legend: (Time is in decaauts)
 A = Elapsed time spent in this place.
 B = Non-inter-level travel time spent in this place.
 C = Inter-level travel time spent in this place.
 D = Time resting spent in this place.
 E = Time spent auto-exploring this place.
 F = Levels seen in this place.
 G = Mean time per level.
                   A        B        C        D        E       F      G
               +--------+--------+--------+--------+--------+-----+--------+
         Total |   5896 |   5737 |    159 |   1496 |   3488 |   5 | 1179.2 |
       Dungeon |   5750 |   5591 |    159 |   1496 |   3412 |   4 | 1437.5 |
         Abyss |    146 |    146 |      0 |      0 |     76 |   1 |  146.0 |
               +--------+--------+--------+--------+--------+-----+--------+

Top non-repeatable levels by time:
     D:2: 2413 daAuts
     D:1: 1776 daAuts
     D:3: 1517 daAuts
 Abyss:1: 146 daAuts
     D:4: 43 daAuts
